 Dungeon Sprint DCSS version 0.31-a0-246-g8cbcc1cb85 (webtiles) character file.

Game seed: 4342957926625367716

25 dialectric the Covert (level 2, -3/15 HPs)
             Began as a Spriggan Brigand on July 12, 2023.
             Slain by an ogre
             ... wielding a +0 giant club
              (18 damage)
             ... in the Dungeon (Sprint I: "Red Sonja").
             The game lasted 00:00:08 (10 turns).

dialectric the Covert (Spriggan Brigand)              Turns: 10, Time: 00:00:09

Health: -3/15      AC:  3    Str:  7    XL:     2   Next: 82%
Magic:  3/3        EV: 16    Int: 12    God:
Gold:   0          SH:  0    Dex: 16    Spells: 1/1 levels left

rFire   . . .        a - +2 dagger
rCold   . . .        (no shield)
rNeg    . . .        b - +0 robe
rPois   .            (helmet restricted)
rElec   .            c - +0 cloak
rCorr   .            (gloves unavailable)
SInv    +            (boots unavailable)
Will    .....        (no amulet)
Stlth   ++++         (no ring)
HPRegen 0.22/turn    (no ring)
MPRegen 0.08/turn

%: no teleportation
@: very quick
A: very small, no large weapons, unfitting armour, see invisible, speed 3
a: no special abilities


You were in the Dungeon.
You visited 1 branch

Inventory:

Hand Weapons
 a - a +2 dagger (weapon)
Missiles
 d - 9 poisoned darts (quivered)
 e - 3 curare-tipped darts
Armour
 b - a +0 robe (worn)
 c - a +0 cloak (worn)
Wands
 l - a wand of iceblast (5)
Scrolls
 k - a scroll of blinking
Potions
 f - a potion of curing
 g - a potion of heal wounds
 h - a potion of haste
 i - 2 potions of magic
 j - a potion of berserk rage


   Skills:
 + Level 2.1 Fighting
 + Level 2.8 Short Blades
 - Level 2.0 Throwing
 + Level 1.8 Dodging
 + Level 9.9 Stealth


You had one spell level left.
You didn't know any spells.
Your spell library was empty.

Dungeon Overview and Level Annotations

Branches:
Dungeon (1/1)

Altars:


Innate Abilities, Weirdness & Mutations

You are very small and have problems with some larger weapons.
You are too small for most types of armour.
You have supernaturally acute eyesight. (SInv)
You cover ground extremely quickly. (Speed+++)


Message History

Welcome, dialectric the Spriggan Brigand.
Press ? for a list of commands and other information.
Found a staircase leading out of the dungeon.
You open the door.
Ijyb the Twisted Goblin comes into view.
She is wielding a +0 dagger and carrying a wand of iceblast.
There is an open door here.
The helpless Ijyb fails to defend herself.
You impale Ijyb!!
You kill Ijyb!
Your Fighting skill increases to level 2!
Your Stealth skill gained 4 levels and is now at level 9!
You have reached level 2!
Unknown command.
l - a wand of iceblast (5)
Things that are here:
a +0 dagger; a +0 ring mail You open the door.
An ogre comes into view. It is wielding a +0 giant club.
There is an open door here.
The ogre shouts!
The ogre hits you with a +0 giant club!!
Ouch! That really hurt!
You die...

##########
#<.#.)'..#
#..'..#@O+
#..#####+#
#..# #..#
#..# #⌠⌠#
####


You could see an ogre.

Vanquished Creatures
  Ijyb (D)
1 creature vanquished.

Notes
Turn   | Place    | Note
-------+----------+-------------------------------------------
     0 | D        | dialectric the Spriggan Brigand began the quest for the
                  | Orb.
     0 | D        | Reached XP level 1. HP: 10/10 MP: 2/2
     2 | D        | Noticed Ijyb
     4 | D        | Killed Ijyb
     5 | D        | Reached skill level 9 in Stealth
     5 | D        | Reached XP level 2. HP: 15/15 MP: 3/3
     9 | D        | Noticed an ogre
    10 | D        | Slain by an ogre

Illustrated notes

Levels and vault maps discovered:
D:        dungeon_sprint_1 [red_sonja_temple_1, red_sonja_temple_small_1]

Skill      XL: |  1 |
---------------+----+-----
Fighting       | 2 |  2.1
Stealth        | 9 |  9.9
Short Blades   | |  2.8
Throwing       | |  2.0
Dodging        | |  1.8

Action                     || total
---------------------------++-------
  Melee: Dagger            ||     1
   Stab: Sleeping          ||     1

Table legend: (Time is in decaauts)
 A = Elapsed time spent in this place.
 B = Non-inter-level travel time spent in this place.
 C = Inter-level travel time spent in this place.
 D = Time resting spent in this place.
 E = Time spent auto-exploring this place.
 F = Levels seen in this place.
 G = Mean time per level.
                   A        B        C        D        E       F      G
               +--------+--------+--------+--------+--------+-----+--------+
         Total |      7 |      7 |      0 |      0 |      0 |   1 |    7.0 |
       Dungeon |      7 |      7 |      0 |      0 |      0 |   1 |    7.0 |
               +--------+--------+--------+--------+--------+-----+--------+

Top non-repeatable levels by time:
       D: 7 daAuts
